 Dungeon Crawl Stone Soup version 0.19.1 (webtiles) character file.

586 Mefis the Magician (level 7, -1/36 HPs)
             Began as a Deep Elf Wizard on Dec 14, 2016.
             Shot with an arrow by a centaur (7 damage)
             ... on level 5 of the Dungeon.
             The game lasted 00:10:54 (5676 turns).

Mefis the Magician (Deep Elf Wizard)                Turns: 5676, Time: 00:10:54

Health: -1/36      AC:  4    Str:  4    XL:     7   Next: 15%
Magic:  19/34      EV: 14    Int: 25    God:
Gold:   291        SH:  0    Dex: 13    Spells: 7 memorised, 4 levels left

rFire  . . .     SeeInvis .     G - staff of power
rCold  + . .     Gourm    .     a - +0 robe
rNeg   . . .     Faith    .     (no shield)
rPois  .         Spirit   .     b - +0 hat
rElec  .         Reflect  .     B - +0 cloak
rCorr  .         Harm     .     F - +0 pair of gloves
MR     .....                    (no boots)
Stlth  ++........               (no amulet)
                                (no ring)
                                t - ring of protection from cold

@: very slightly contaminated
A: no striking features
a: no special abilities


You were on level 5 of the Dungeon.
You were not hungry.

You visited 1 branch of the dungeon, and saw 5 of its levels.

You collected 291 gold pieces.

Inventory:

Hand Weapons
 f - a +0 short sword
 y - a +0 hunting sling
 A - a cursed -2 short sword
Missiles
 l - 44 sling bullets
 m - 49 bolts
 H - 3 needles of sleeping
 K - a throwing net (quivered)
 M - 3 curare-tipped needles
Armour
 a - a +0 robe (worn)
 b - a +0 hat (worn)
 n - a +0 shield
 B - a +0 cloak (worn)
 F - a +0 pair of gloves (worn)
Magical Staves
 G - an uncursed staff of power (weapon)
Jewellery
 t - a ring of protection from cold (left hand)
Wands
 C - a wand of random effects (23/48)
Scrolls
 e - 3 scrolls of recharging {unknown}
 g - a scroll of enchant weapon {unknown}
 i - a scroll of fog {unknown}
 o - 2 scrolls of amnesia {unknown}
 q - a scroll of blinking {unknown}
 u - 6 scrolls of identify {unknown}
 v - 3 scrolls of random uselessness {unknown}
 x - 2 scrolls of enchant armour {unknown}
 z - 2 scrolls of magic mapping {unknown}
 D - 4 scrolls of remove curse {unknown}
 J - a scroll of noise {unknown}
Potions
 h - a potion of cancellation {unknown}
 p - a potion of resistance {unknown}
 r - a potion of lignification
 s - 2 potions of flight {unknown}
 E - a potion of brilliance {unknown}
 I - a potion of curing {unknown}
Books
 c - a book of Minor Magic

   Spells                             Type                      Level
   a - Magic Dart                     Conjuration                  1
   b - Blink                          Translocation                2
   c - Call Imp                       Summoning                    2
   d - Repel Missiles                 Charms/Air                   2
   e - Slow                           Hexes                        2
   f - Conjure Flame                  Conjuration/Fire             3
   g - Mephitic Cloud                 Conjuration/Poison/Air       3
Comestibles
 d - 4 bread rations
 j - a slice of pizza
 k - 3 beef jerkies
 w - 4 meat rations
 L - a chunk of flesh


   Skills:
 + Level 3.9 Dodging
 + Level 3.8 Stealth
 + Level 0.8 Shields
 * Level 6.7 Spellcasting
 + Level 2.9 Conjurations
 + Level 1.1 Hexes
 + Level 2.5 Summonings
 - Level 1.1 Translocations
 + Level 2.3 Air Magic
 + Level 2.0 Poison Magic
 + Level 1.8 Evocations


You had 4 spell levels left.
You knew the following spells:

 Your Spells              Type           Power        Failure   Level  Hunger
a - Magic Dart            Conj           ###.         1%          1    None
b - Call Imp              Summ           ###.....     4%          2    None
c - Blink                 Tloc           N/A          10%         2    None
d - Repel Missiles        Chrm/Air       ##....       10%         2    None
e - Mephitic Cloud        Conj/Pois/Air  ###.....     10%         3    None
f - Conjure Flame         Conj/Fire      ###.....     12%         3    None
g - Slow                  Hex            ##......     10%         2    None


Dungeon Overview and Level Annotations

Branches:
Dungeon (5/15)
 Temple: D:4-7

Altars:
Ashenzari

Annotations:
D:3 Haldmier's ghost, weakling HESk


Message History

The magic dart hits the centaur.
The centaur is severely wounded.
The centaur shoots an arrow.
The arrow misses you.
Casting: Magic Dart
Confirm with . or Enter, or press ? or * to list all spells.
Aiming: Magic Dart
Press: ? - help, Shift-Dir - straight line, f/p - centaur
Aim: a centaur, wielding a shortbow (severely wounded)
The magic dart hits the centaur.
The centaur is severely wounded.
The centaur shoots an arrow.
The arrow misses you.
Casting: Magic Dart
Confirm with . or Enter, or press ? or * to list all spells.
Aiming: Magic Dart
Press: ? - help, Shift-Dir - straight line, f/p - centaur
Aim: a centaur, wielding a shortbow (severely wounded)
The magic dart hits the centaur.
The centaur is almost dead.
The centaur shoots an arrow.
The arrow hits you!
You die...

#... ## #.## ## #.####
#######.## #.. #...####
#......... .?###(....#
#.......##
#.#.#.##.###.........
#..#.##.............
#.###.#.######.......#.
#...c.@(# #....>..#.
#####.### #......... #.
########.#.##. #.
#......#.#.##. #.
#[.....#...... #.
#..........### ##
#......##### # #......#
# #......# #


You could see a centaur.

Vanquished Creatures
  2 ogres (D:4)
  A bullfrog zombie (D:5)
  2 jellies
  An orc priest (D:3)
  A centaur skeleton (D:5)
  2 iguanas
  3 worker ants
  5 adders
  A shadow imp (D:5)
  A worm (D:3)
  3 dart slugs
  4 leopard geckos
  11 orcs
  2 ball pythons
  5 giant cockroaches
  6 hobgoblins
  2 jackals (D:1)
  12 kobolds
  3 quokkas (D:5)
  12 bats
  5 frilled lizards
  2 goblins (D:1)
  A jackal skeleton (D:4)
  2 rats
89 creatures vanquished.

Vanquished Creatures (collateral kills)
  2 adders (D:2)
2 creatures vanquished.

Grand Total: 91 creatures vanquished

Notes
Turn   | Place    | Note
-------+----------+-------------------------------------------
     0 | D:1      | Mefis the Deep Elf Wizard began the quest for the Orb.
     0 | D:1      | Reached XP level 1. HP: 10/10 MP: 7/7
   169 | D:1      | Reached XP level 2. HP: 12/15 MP: 0/9
   173 | D:1      | Learned a level 2 spell: Call Imp
   176 | D:1      | Learned a level 2 spell: Blink
   179 | D:1      | Learned a level 2 spell: Repel Missiles
   505 | D:1      | Reached skill level 5 in Spellcasting
   735 | D:1      | Reached XP level 3. HP: 18/19 MP: 2/11
   742 | D:1      | Learned a level 3 spell: Mephitic Cloud
  1806 | D:3      | Reached XP level 4. HP: 22/24 MP: 6/13
  2187 | D:3      | Reached skill level 1 in Air Magic
  2220 | D:3      | Noticed Haldmier's ghost (weakling HESk)
  2363 | D:2      | Learned a level 3 spell: Conjure Flame
  2666 | D:3      | Reached XP level 5. HP: 27/28 MP: 10/15
  2820 | D:3      | Reached skill level 6 in Spellcasting
  2820 | D:3      | Reached skill level 1 in Poison Magic
  4372 | D:4      | Noticed an ogre
  4384 | D:4      | Killed an ogre
  4384 | D:4      | Reached XP level 6. HP: 32/32 MP: 17/17
  4388 | D:4      | Learned a level 2 spell: Slow
  4478 | D:4      | Reached skill level 1 in Evocations
  4994 | D:5      | Entered Level 5 of the Dungeon
  5102 | D:5      | Reached skill level 1 in Hexes
  5124 | D:5      | Reached XP level 7. HP: 36/36 MP: 19/19
  5443 | D:5      | Found a shattered altar of Ashenzari.
  5676 | D:5      | Shot with an arrow by a centaur

Skill      XL: |  1  2  3  4  5  6  7 |
---------------+----------------------+-----
Spellcasting   | 5 6 |  6.7
Conjurations   | 2 |  2.9
Dodging        | 3 |  3.9
Air Magic      | 1 2 |  2.3
Summonings     | 2 |  2.5
Stealth        | 3 |  3.8
Poison Magic   | 1 2 |  2.0
Evocations     | 1 |  1.8
Hexes          | 1 |  1.1
Shields        | |  0.8
Translocations | |  1.1

Action                   |  1- 3 |  4- 6 |  7- 9 || total
-------------------------+-------+-------+-------++-------
Melee: Short sword       |    23 |       |       ||    23
 Fire: Hunting sling     |       |    24 |       ||    24
 Cast: Magic Dart        |    87 |   173 |    40 ||   300
       Repel Missiles    |     1 |     1 |       ||     2
       Call Imp          |     1 |     4 |       ||     5
       Mephitic Cloud    |     1 |    11 |     1 ||    13
       Blink             |       |     1 |       ||     1
  Use: Potion            |       |     1 |       ||     1
  Eat: Chunk             |     3 |    10 |     1 ||    14
Armor: Robe              |     7 |     4 |     1 ||    12
Dodge: Dodged            |    32 |    35 |     9 ||    76
       Deflected         |     1 |     2 |     1 ||     4
